 Dungeon Crawl Stone Soup version 0.17-b1-15-g0f5fb43 (webtiles) character file.

13157 tetracat the Martial Artist (level 12, -1/81 HPs)
             Began as an Octopode Monk on Nov 7, 2015.
             Was an Initiate of Gozag.
             Slain by an unseen horror (4 damage)
             ... on level 11 of the Dungeon.
             The game lasted 00:49:46 (19138 turns).

tetracat the Martial Artist (Octopode Monk)        Turns: 19138, Time: 00:49:46

Health: -1/81      AC:  1    Str: 14    XL:     12   Next: 3%
Magic:  0/23       EV: 20    Int: 13    God:    Gozag
Gold:   527        SH:  0    Dex: 15    Spells: 0 memorised, 26 levels left

rFire  . . .     SeeInvis .       - Unarmed
rCold  . . .     Clarity  .     (no shield)
rNeg   . . .     SustAt   +     (helmet restricted)
rPois  .         Gourm    .     N - amulet of guardian spirit
rElec  .         Spirit   +     a - ring of flight
rCorr  .         Warding  .     u - ring of wizardry
rMut   .         Stasis   .     A - ring of sustain attributes
MR     .....                    z - +1 ring of slaying
Stlth  +++++.....               s - +2 ring of evasion
                                O - ring of invisibility
                                (no ring)
                                (no ring)

@: not resistant to hostile enchantments, quite stealthy
A: almost no armour, amphibious, 8 rings, constrict 8, camouflage 1, gelatinous
body 1
a: Potion Petition, Call Merchant, Bribe Branch, Renounce Religion, Evoke
Invisibility, Evoke Flight


You were on level 11 of the Dungeon.
You worshipped Gozag.
Gozag was noncommittal.
You were not hungry.

You visited 2 branches of the dungeon, and saw 13 of its levels.
You also visited: Sewer.

You collected 3319 gold pieces.
You spent 278 gold pieces at shops.
You paid 2514 gold pieces to Gozag.

Inventory:

Rods
 Q - a +0 lightning rod (12/12)
   (You took it off an orc wizard on level 11 of the Dungeon)
Jewellery
 a - a ring of flight (left tentacle)
 h - an uncursed amulet of regeneration
 s - a +2 ring of evasion (on tentacle)
 u - a ring of wizardry (right tentacle)
 z - a +1 ring of slaying (on tentacle)
 A - a ring of sustain attributes (on tentacle)
 N - an amulet of guardian spirit (around mantle)
 O - a ring of invisibility (on tentacle)
Wands
 E - a wand of fireball (5)
 G - a wand of fire (4)
 H - a wand of lightning (8)
 J - a wand of digging (13)
 L - a wand of digging (6)
Scrolls
 b - 7 scrolls of teleportation
 c - 11 scrolls of remove curse
 e - 5 scrolls of enchant weapon
 f - 10 scrolls of identify
 g - a scroll of random uselessness {unknown}
 j - 3 scrolls of recharging
 k - a scroll of amnesia {unknown}
 l - 3 scrolls of fog {unknown}
 n - 3 scrolls of magic mapping {unknown}
 v - a scroll of blinking {unknown}
 w - 2 scrolls of noise {unknown}
 x - a scroll of fear {unknown}
 F - a scroll of immolation {unknown}
 K - a scroll of holy word {unknown}
Potions
 d - a potion of invisibility
 i - a potion of heal wounds
 m - 2 potions of magic {unknown}
 o - 2 potions of brilliance {unknown}
 p - 3 potions of haste {unknown}
 r - 4 potions of agility {unknown}
 t - 3 potions of curing
 B - a potion of ambrosia {unknown}
 D - a potion of might
 I - a potion of cancellation {unknown}
 M - a potion of mutation {unknown}
Books
 q - a book of Debilitation

   Spells                             Type                      Level
   a - Corona                         Hexes                        1
   b - Slow                           Hexes                        2
   c - Gell's Gravitas                Hexes/Translocation          3
   d - Inner Flame                    Hexes/Fire                   3
   e - Cause Fear                     Hexes                        4
   f - Leda's Liquefaction            Hexes/Earth                  4
 y - a book of Fire

   Spells                             Type                      Level
   a - Ignite Poison                  Fire/Transmutation/Poison    3
   b - Fireball                       Conjuration/Fire             5
   c - Bolt of Fire                   Conjuration/Fire             6
   d - Delayed Fireball               Conjuration/Fire             7
   e - Ring of Flames                 Charms/Fire                  7
Comestibles
 C - 7 slices of pizza


   Skills:
 - Level 7.3 Fighting
 - Level 10.0 Dodging
 - Level 7.2 Stealth
 - Level 12.0 Unarmed Combat
 + Level 7.8 Spellcasting


You had 26 spell levels left.
You didn't know any spells.

Dungeon Overview and Level Annotations

Branches:
Dungeon (12/15)            Temple (1/1) D:6            Lair (0/8) D:10
    Orc (0/4) D:10

Altars:
Ashenzari
Cheibriados
Dithmenos
Elyvilon
Fedhas
Gozag
Kikubaaqudgha
Makhleb
Nemelex Xobeh
Okawaru
Qazlal
Ru
Sif Muna
Trog
Vehumet
Xom
Yredelemnul
Zin
The Shining One

Shops:
D:7 *   D:8 :*   D:10 *   D:11 :   D:12 *

Annotations:
D:3 1 exclusion
D:7 tetracat's ghost, novice OpMo
D:10 exclusion: hill giant
D:11 Eucla's ghost, journeyman GrFi


Innate Abilities, Weirdness & Mutations

You cannot wear most types of armour.
You are amphibious.
You can wear up to eight rings at the same time.
You can use your tentacles to constrict eight enemies at once.
Your skin changes colour to match your surroundings (Stealth).
Your rubbery body absorbs attacks (AC +1).


Message History

You bludgeon something! You squeeze something. Something hits you.
Eucla's ghost hits you.
* * * LOW HITPOINT WARNING * * *
Something hits you!
* * * LOW HITPOINT WARNING * * *
The mottled dragon breathes sticky fire at you.
The sticky flame misses you. The mottled dragon closely misses you.
The mottled dragon barely misses you. Something hits you!
* * * LOW HITPOINT WARNING * * *
Something hits you. Something hits you!
* * * LOW HITPOINT WARNING * * *
Something barely misses you. Something hits you.
* * * LOW HITPOINT WARNING * * *
Found a leather armour.
Something barely misses you. Something hits you.
You die...
Your body crumbles into a pile of gold.

#.....#######
#####.....
#..........
...........
#.....#####
######.....
###.....# #.#..<
#.......# #.#...
#.....#D# #.#...
#.....#Z# #.#...
#.....#.#########
#.#...
#######..@..[....
#...
####################
#............
#.########### #.# #
#.# # #.# # #.# #
#.# #


There were no monsters in sight!

Vanquished Creatures
  3 ugly things
  A manticore (D:11)
  Maurice (D:8)
  Joseph (D:7)
  A fire drake (D:10)
  Grinder (D:3)
  6 slime creatures (D:10)
  A wyvern (D:8)
  13 yaks
  5 hippogriffs
  A hungry ghost (D:9)
  A mottled dragon (D:11)
  A human (D:7)
  Duvessa (D:4)
  6 orc warriors
  2 black bears
  6 centaurs
  An ice beast (D:9)
  3 phantoms
  A sky beast (D:7)
  6 ogres
  3 big kobolds
  10 giant frogs
  Dowan (D:4)
  3 scorpions
  5 killer bees (D:8)
  A wyvern skeleton (D:6)
  The ghost of tetracat the Insei, a weakling OpMo (D:3)
  14 wights
  2 giant frog zombies
  10 orc wizards
  4 giant frog skeletons
  A quasit (D:9)
  4 crimson imps
  5 hounds
  2 centaur skeletons
  4 orc priests
  4 jellies
  11 worker ants
  3 iguanas
  3 sheep (D:7)
  A killer bee zombie (D:7)
  3 hound zombies
  3 hound skeletons
  A worker ant zombie (D:8)
  5 river rats (Sewer)
  18 adders
  15 gnolls
  4 shadow imps
  4 oozes
  An adder zombie (D:5)
  3 worms
  An adder skeleton (D:4)
  36 orcs
  6 bats
  8 giant cockroaches
  10 goblins
  11 hobgoblins
  15 jackals
  31 kobolds
  6 quokkas
  14 ball pythons
  10 giant geckos
  9 giant newts
  A quokka skeleton (D:8)
  30 rats
399 creatures vanquished.

Notes
Turn   | Place    | Note
--------------------------------------------------------------
     0 | D:1      | tetracat the Octopode Monk began the quest for the Orb.
     0 | D:1      | Reached XP level 1. HP: 16/16 MP: 1/1
    85 | D:1      | Reached XP level 2. HP: 13/21 MP: 2/2
   554 | D:1      | Reached XP level 3. HP: 26/26 MP: 3/3
   654 | D:2      | Reached skill level 5 in Unarmed Combat
   979 | D:2      | Found a stormy altar of Qazlal.
  1255 | D:2      | Found an opulent altar of Gozag.
  1264 | D:2      | Became a worshipper of Gozag Ym Sagoz the Greedy
  1566 | D:3      | Reached XP level 4. HP: 22/31 MP: 4/4
  1673 | D:3      | Noticed Grinder
  2172 | D:3      | Noticed tetracat's ghost (weakling OpMo)
  2604 | D:3      | Reached skill level 6 in Unarmed Combat
  2719 | D:4      | Reached XP level 5. HP: 18/36 MP: 5/5
  3459 | D:4      | Reached XP level 6. HP: 31/42 MP: 6/6
  3470 | D:4      | Noticed an ogre
  3748 | D:4      | Reached skill level 5 in Dodging
  3749 | D:4      | Noticed an ogre
  3761 | D:5      | Entered Level 5 of the Dungeon
  3894 | D:5      | Found a shadowy altar of Dithmenos.
  3944 | D:5      | Reached XP level 7. HP: 21/46 MP: 7/7
  4155 | D:5      | Found a glowing drain.
  4166 | Sewer    | Entered a sewer
  4654 | Sewer    | Reached skill level 7 in Dodging
  5012 | D:5      | Reached XP level 8. HP: 23/54 MP: 8/8
  5651 | D:4      | Killed an ogre
  5685 | D:4      | Noticed Duvessa
  5686 | D:4      | Noticed Dowan
  5691 | D:4      | Killed Duvessa
  5694 | D:4      | Killed Dowan
  5694 | D:4      | Reached skill level 8 in Unarmed Combat
  6073 | D:4      | Killed an ogre
  6143 | D:3      | Found a shattered altar of Ashenzari.
  6483 | D:3      | Killed Grinder
  6483 | D:3      | Reached skill level 9 in Unarmed Combat
  6736 | D:3      | Reached XP level 9. HP: 55/58 MP: 9/9
  6825 | D:3      | Killed tetracat's ghost
  7293 | D:6      | Reached skill level 10 in Unarmed Combat
  7717 | D:6      | Found a staircase to the Ecumenical Temple.
  7728 | Temple   | Entered the Ecumenical Temple
  8705 | D:7      | Noticed Joseph
  8707 | D:7      | Noticed tetracat's ghost (novice OpMo)
  8770 | D:7      | Reached skill level 11 in Unarmed Combat
  9072 | D:7      | Found Caemot's Assorted Antiques.
  9115 | D:7      | Killed Joseph
  9628 | D:7      | Bought a scroll of teleportation for 57 gold pieces
  9628 | D:7      | Bought a sharpened bronze wand for 76 gold pieces
  9628 | D:7      | Bought a bubbling pink potion for 17 gold pieces
  9657 | D:7      | Reached skill level 12 in Unarmed Combat
  9657 | D:7      | Reached XP level 10. HP: 64/64 MP: 10/10
  9781 | D:7      | Reached skill level 1 in Spellcasting
 10544 | D:7      | Found a white marble altar of Elyvilon.
 11203 | D:8      | Found Pimoetut's Assorted Antiques.
 11226 | D:8      | Bought a glass wand for 64 gold pieces
 11226 | D:8      | Bought a long gold wand for 64 gold pieces
 11627 | D:8      | Noticed Maurice
 12096 | D:8      | Reached skill level 5 in Fighting
 13122 | D:8      | Killed Maurice
 13385 | D:10     | Entered Level 10 of the Dungeon
 13492 | D:9      | Reached XP level 11. HP: 26/72 MP: 18/18
 13506 | D:9      | Found a shadowy altar of Dithmenos.
 13550 | D:9      | Reached skill level 5 in Spellcasting
 13957 | D:9      | Found an iron altar of Okawaru.
 13957 | D:9      | Found a burning altar of Makhleb.
 13960 | D:9      | Found an ancient bone altar of Kikubaaqudgha.
 14553 | D:9      | Found a deep blue altar of Sif Muna.
 15123 | D:10     | Noticed a hill giant
 15341 | D:10     | Found a staircase to the Lair.
 15357 | D:10     | Reached skill level 10 in Dodging
 15783 | D:10     | Found a staircase to the Orcish Mines.
 17742 | D:11     | Reached skill level 5 in Stealth
 18386 | D:11     | Found Bekeulask's Book Shop.
 18719 | D:11     | Noticed Eucla's ghost (journeyman GrFi)
 18812 | D:12     | Reached XP level 12. HP: 70/81 MP: 20/23
 19136 | D:11     | HP: 3/81 [something (4)]
 19138 | D:11     | Slain by an unseen horror

Action                   |  1- 3 |  4- 6 |  7- 9 | 10-12 || total
-------------------------+-------+-------+-------+-------++-------
Melee: Unarmed           |    73 |   110 |   373 |   566 ||  1122
Invok: Call Merchant     |       |       |     1 |     2 ||     3
Evoke: Wand              |       |       |       |     4 ||     4
  Use: Scroll            |       |     7 |     3 |     3 ||    13
       Potion            |       |       |     4 |     6 ||    10
 Stab: Sleeping          |    17 |     9 |    21 |    14 ||    61
       Distracted        |       |     1 |     4 |     6 ||    11
  Eat: Chunk             |     1 |       |       |       ||     1
       Fruit             |       |     3 |       |     2 ||     5
       Bread ration      |       |     2 |     2 |     3 ||     7
       Beef jerky        |       |       |     1 |     2 ||     3
       Meat ration       |       |       |     1 |     2 ||     3
       Pizza             |       |       |     1 |     1 ||     2
